 Dungeon Crawl Stone Soup version 0.26-a0-154-g3d63440f56 (webtiles) character file.

Game seed: 15586625904925656459

10 Flugslaktarn the Stinger (level 2, -1/13 HPs)
             Began as a Vine Stalker Venom Mage on July 1, 2020.
             Slain by a worm (7 damage)
             ... on level 2 of the Dungeon.
             The game lasted 00:01:08 (221 turns).

Flugslaktarn the Stinger (Vine Stalker Venom Mage)   Turns: 221, Time: 00:01:08

Health: -1/13      AC:  5    Str: 10    XL:     2   Next: 20%
Magic:  0/6        EV: 10    Int: 15    God:
Gold:   21         SH:  0    Dex: 14    Spells: 2/5 levels left

rFire    . . .     SeeInvis .   e - +0 dagger
rCold    . . .     Faith    .   (no shield)
rNeg     . . .     Spirit   +   d - +0 ring mail
rPois    .         Reflect  .   (no helmet)
rElec    .         Harm     .   (no cloak)
rCorr    .                      (no gloves)
MR       .....                  (no boots)
Stlth    +.........             (no amulet)
HPRegen  0.04/turn              (no ring)
MPRegen  0.10/turn              (no ring)

@: very slightly contaminated
A: fangs 2, magic shield, antimagic bite, no potion heal 3, rot immunity
a: no special abilities


You were on level 2 of the Dungeon.
You were not hungry.

You visited 1 branch of the dungeon, and saw 2 of its levels.

You collected 21 gold pieces.

Inventory:

Hand Weapons
 e - a +0 dagger (weapon)
   (You took it off a kobold on level 2 of the Dungeon)
Armour
 a - a +0 robe
 d - a +0 ring mail (worn)
   (You found it on level 2 of the Dungeon)
Scrolls
 b - a scroll of teleportation {unknown}
Potions
 f - a potion of might {unknown}
Comestibles
 c - 2 rations


   Skills:
 - Level 1.5 Dodging
 - Level 2.4 Stealth
 + Level 2.4 Spellcasting
 - Level 1.0 Transmutations
 * Level 3.4 Poison Magic


You had 2 spell levels left.
You knew the following spells:

 Your Spells              Type           Power        Failure   Level  Hunger
a - Sting                 Tmut/Pois      #...         22%         1    #......
b - Poisonous Vapours     Pois/Air       #.....       38%         2    ###....

Your spell library contained the following spells:

 Spells                   Type           Power        Failure   Level  Hunger
 Ignite Poison            Fire/Tmut/Pois #.......     65%         3    ###....
 Mephitic Cloud           Conj/Pois/Air  #.......     71%         3    ###....
 Olgreb's Toxic Radiance  Pois           ##......     78%         4    #####..


Dungeon Overview and Level Annotations

Branches:
Dungeon (2/15)

Altars:


Innate Abilities, Weirdness & Mutations

You have extremely sharp teeth.
When hurt, damage is shared between your health and your magic reserves.
Your bite disrupts and absorbs the magic of your enemies.
Potions cannot restore your health.
You are immune to rotting.


Message History

Aiming: Sting (safe; 22% risk of failure)
Press: ? - help, Shift-Dir - straight line, f/p - worm
Aim: a worm The sting misses the worm.
Casting: Sting (safe; 22% risk of failure)
Confirm with . or Enter, or press ? or * to list all spells.
Aiming: Sting (safe; 22% risk of failure)
Press: ? - help, Shift-Dir - straight line, f/p - worm
Aim: a worm The sting hits the worm.
The worm is poisoned.
The worm is lightly wounded.
Casting: Sting (safe; 22% risk of failure)
Confirm with . or Enter, or press ? or * to list all spells.
Aiming: Sting (safe; 22% risk of failure)
Press: ? - help, Shift-Dir - straight line, f/p - worm
Aim: a worm (lightly wounded, poisoned)
The sting hits the worm but does no damage.
The worm looks even sicker.
The worm is lightly wounded.
Unknown command.
A quokka comes into view.
Casting: Sting (safe; 22% risk of failure)
Confirm with . or Enter, or press ? or * to list all spells.
Aiming: Sting (safe; 22% risk of failure)
Press: ? - help, Shift-Dir - straight line, f/p - worm
Aim: a worm (moderately wounded, poisoned)
You miscast Sting.
Nothing appears to happen.
Casting: Sting (safe; 22% risk of failure)
Confirm with . or Enter, or press ? or * to list all spells.
Aiming: Sting (safe; 22% risk of failure)
Press: ? - help, Shift-Dir - straight line, f/p - worm
Aim: a worm (moderately wounded, poisoned)
The sting hits the worm.
The worm looks even sicker.
The worm is heavily wounded.
Unknown command.
You hit the worm but do no damage.
The worm is severely wounded.
You barely miss the worm.
The worm is severely wounded.
The quokka barely misses you. The worm bites you but does no damage.
Unknown command.
The quokka closely misses you.
You hit the quokka. Your bite misses the quokka.
The quokka is lightly wounded.
The quokka bites you but does no damage.
You closely miss the quokka.
The quokka is lightly wounded.
The quokka barely misses you. The worm bites you!
Ouch! That really hurt!
You die...

..#.### ###+#..
.†#†#.. #.....#
..#.#.# #.....##.
..#.#.# ........>
....#.# ##.....#
......# #....#
......#########..#.#
......#........wr#.#
.†....#.########@#.#
.....##.########.#.#
........#..........#
.####...#..........#
.# #...#...w......#
.# #..)#..........#
†# #....w.........#
.####...#..........#
...†...............#


You could see a worm (poisoned) and a quokka.

Vanquished Creatures
  A leopard gecko (D:2)
  A giant cockroach (D:2)
  2 hobgoblins (D:2)
  2 kobolds (D:2)
  A bat (D:2)
  2 frilled lizards (D:2)
9 creatures vanquished.

Notes
Turn   | Place    | Note
-------+----------+-------------------------------------------
     0 | D:1      | Flugslaktarn the Vine Stalker Venom Mage began the quest
                  | for the Orb.
     0 | D:1      | Reached XP level 1. HP: 9/9 MP: 4/4
   111 | D:2      | Reached XP level 2. HP: 1/13 MP: 0/6
   140 | D:2      | Learned a level 2 spell: Poisonous Vapours
   221 | D:2      | Slain by a worm

Illustrated notes

Levels and vault maps discovered:
D:1:      dpeg_arrival_stonehenge_12_columns, layout_basic
D:2:      layout_basic, chequers_ecumenical_altar_lobes, lemuel_old_faithful

Action                   || total
-------------------------++-------
Melee: Bite              ||     3
       Unarmed           ||     2
       Dagger            ||    13
 Cast: Sting             ||    16
Armor: Ring mail         ||    13
Dodge: Dodged            ||    19

Table legend:
 A = Non-vault XP
 B = Vault XP
 C = Vault XP percentage of total XP
 D = Non-vault monster count
 E = Vault monster count
 F = Vault count percentage of total count
                 A         B        C        D         E       F
            +---------+---------+-------+---------+---------+-------
      Total |      15 |       0 |   0.0 |       9 |       0 |   0.0
            +---------+---------+-------+---------+---------+-------
        D:2 |      15 |       0 |   0.0 |       9 |       0 |   0.0
            +---------+---------+-------+---------+---------+-------
